 Dungeon Crawl Stone Soup version 0.24-a0-317-g5cb8de4 (webtiles) character file.

Game seed: 9971998395189902609

8556 MisterFreud the Grappler (level 11, -6/104 HPs)
             Began as a Troll Monk on May 16, 2019.
             Was a High Priest of Okawaru.
             Mangled by an orc warrior
             ... wielding a +0 glaive
              (27 damage)
             ... on level 9 of the Dungeon.
             The game lasted 00:15:49 (7947 turns).

MisterFreud the Grappler (Troll Monk)               Turns: 7947, Time: 00:15:50

Health: -6/104     AC:  6    Str: 24    XL:     11   Next: 11%
Magic:  14/14      EV: 15    Int:  6    God:    Okawaru [*****.]
Gold:   383        SH:  0    Dex: 17    Spells: 10/10 levels left

rFire    + + .     SeeInvis .     - Unarmed
rCold    + + .     Gourm    +   (no shield)
rNeg     . . .     Faith    .   B - +0 robe {rC+ rF+}
rPois    .         Spirit   .   (helmet restricted)
rElec    .         Reflect  .   y - scarf {rC+ rF+}
rCorr    .         Harm     .   (gloves unavailable)
MR       .....                  (boots unavailable)
Stlth    ++........             f - amulet of the acrobat
HPRegen  0.67/turn              l - +5 ring of dexterity
MPRegen  0.14/turn              (no ring)

@: no status effects
A: large, unfitting armour, claws 3, fast metabolism 3, gourmand, regeneration
1, shaggy fur 1, tough skin 3
a: Heroism, Finesse, Renounce Religion


You were on level 9 of the Dungeon.
You worshipped Okawaru.
Okawaru was extremely pleased with you.
You were very full.

You visited 2 branches of the dungeon, and saw 11 of its levels.
You also visited: Sewer.

You collected 551 gold pieces.
You spent 168 gold pieces at shops.

Inventory:

Missiles
 c - 341 stones (quivered)
 m - 8 boomerangs
 E - 8 large rocks
Armour
 a - a +0 robe
 r - a scarf of cloud immunity
 y - a scarf of resistance (worn)
 B - a +0 robe of resistance (worn)
Jewellery
 f - an amulet of the acrobat (around neck)
 l - a +5 ring of dexterity (left claw)
 t - an uncursed amulet of guardian spirit
 A - an uncursed amulet of regeneration
 G - a +4 ring of protection
Wands
 i - a wand of enslavement (9)
 F - a wand of random effects (26)
 K - a wand of flame (25)
Scrolls
 d - 2 scrolls of magic mapping
 h - 3 scrolls of remove curse
 k - 5 scrolls of teleportation
 q - 2 scrolls of enchant weapon {unknown}
 v - a scroll of noise {unknown}
 w - 3 scrolls of identify
 x - a scroll of fear
 C - a scroll of blinking {unknown}
 D - 2 scrolls of enchant armour {unknown}
 I - a scroll of fog {unknown}
Potions
 e - 2 potions of haste
 g - 4 potions of might
 j - 4 potions of agility
 n - 2 potions of degeneration {unknown}
 o - 2 potions of brilliance {unknown}
 p - 3 potions of curing
 s - 2 potions of heal wounds {unknown}
 u - 2 potions of magic {unknown}
 z - 2 potions of flight {unknown}
 J - a potion of ambrosia
Miscellaneous
 H - a phantom mirror
Comestibles
 b - 24 rations
 L - a chunk of flesh


   Skills:
 + Level 5.6 Fighting
 - Level 6.0 Throwing
 - Level 8.1 Dodging
 - Level 1.0 Stealth
 - Level 10.0 Unarmed Combat
 - Level 6.0 Invocations


You had 10 spell levels left.
You didn't know any spells.
Your spell library contained the following spells:

 Spells                   Type           Power        Failure   Level  Hunger
 Confusing Touch          Hex            #.....       45%         1    ##.....
 Corona                   Hex            #......      45%         1    ##.....
 Sting                    Conj/Pois      #...         45%         1    ##.....
 Ensorcelled Hibernation  Hex/Ice        #.....       58%         2    ###....
 Passwall                 Tmut/Erth      #.......     58%         2    ###....
 Poisonous Vapours        Pois/Air       #.....       58%         2    ###....
 Swiftness                Chrm/Air       #.......     58%         2    ###....
 Confuse                  Hex            #.......     83%         3    ####...
 Dazzling Spray           Conj/Hex       #.....       83%         3    ####...
 Gell's Gravitas          Tloc           #.........   83%         3    ####...
 Mephitic Cloud           Conj/Pois/Air  #.......     83%         3    ####...
 Recall                   Summ/Tloc      N/A          83%         3    ####...
 Tukima's Dance           Hex            #.......     83%         3    ####...
 Animate Dead             Necr           N/A          99%         4    #####..
 Olgreb's Toxic Radiance  Pois           #.......     99%         4    #####..
 Passage of Golubria      Tloc           N/A          99%         4    #####..
 Petrify                  Tmut/Erth      #.......     99%         4    #####..
 Borgnjor's Vile Clutch   Necr/Erth      #.........   100%        5    ######.
 Lee's Rapid Deconstruct  Erth           #.........   100%        5    ######.
 Metabolic Englaciation   Hex/Ice        #.........   100%        5    ######.
 Venom Bolt               Conj/Pois      #.........   100%        5    ######.
 Yara's Violent Unravell  Hex/Tmut       #.........   100%        5    ######.
 Darkness                 Hex            #.........   100%        6    #######
 Death Channel            Necr           #.........   100%        6    #######
 Invisibility             Hex            #.......     100%        6    #######
 Simulacrum               Ice/Necr       #.........   100%        6    #######


Dungeon Overview and Level Annotations

Branches:
Dungeon (10/15)            Temple (1/1) D:5
   Lair: D:8-11         Orc: D:9-12

Altars:
Ashenzari
Cheibriados
Dithmenos
Elyvilon
Fedhas
Gozag
Hepliaklqana
Kikubaaqudgha
Makhleb
Nemelex Xobeh
Okawaru
Qazlal
Ru
Sif Muna
Trog
Uskayaw
Vehumet
Wu Jian
Xom
Yredelemnul
Zin
The Shining One

Shops:
D:9 (*

Annotations:
D:9 1 runed translucent door


Innate Abilities, Weirdness & Mutations

You are too large for most types of armour.
You have claws for hands.
Your metabolism is lightning-fast.
You like to eat raw meat.
Your natural rate of healing is unusually fast.
You are covered in fur. (AC +1)
You have extremely tough skin. (AC +3)


Message History

You scratch the orc warrior.
The orc warrior is heavily wounded.
The orc closely misses you. The orc completely misses you.
You scratch the orc warrior but do no damage.
The orc warrior is heavily wounded.
The orc warrior closely misses you. The orc hits you with a +0 flail.
You barely miss the orc warrior.
The orc warrior is heavily wounded.
The orc hits you but does no damage. Something hits you but does no damage.
The orc warrior hits you with a +0 glaive!!
* * * LOW HITPOINT WARNING * * *
You scratch the orc warrior but do no damage.
The orc warrior is heavily wounded.
The orc hits you but does no damage. The orc closely misses you.
Something hits you.
* * * LOW HITPOINT WARNING * * *
You scratch the orc warrior but do no damage.
The orc warrior is heavily wounded.
The orc warrior hits you with a +0 glaive!!
You die...

# ## ### ##8 ##8###8##
#...#...#...##
.............##
.......[......#
.......)....o@#####
#...#...#...#oo...# #
##.###.##.....#
################.....#
.........#...........#
......##.'...........#
......####...........+
......# #...........#
......# #...........#


You could see an orc warrior and 2 orcs.

Vanquished Creatures
  A cyclops (D:8)
  A troll (D:9)
  A hippogriff (D:9)
  Sigmund (D:4)
  Eustachio (D:4)
  A yak (D:8)
  4 hogs (D:7)
  A human (D:7)
  2 hungry ghosts
  A soldier ant (D:9)
  3 water moccasins (D:9)
  A porcupine (D:9)
  4 orc warriors
  3 ice beasts
  4 black bears
  A sky beast (D:8)
  4 phantoms
  3 ogres
  3 centaurs (D:8)
  5 big kobolds
  7 bullfrogs
  2 scorpions
  A wight (D:8)
  15 killer bees
  An electric eel (D:9)
  A howler monkey (D:8)
  4 bullfrog zombies
  3 crimson imps
  3 centaur zombies
  8 orc priests
  3 bullfrog skeletons
  7 hounds
  2 jellies (D:5)
  2 centaur skeletons
  11 orc wizards
  Jessica (D:8)
  3 iguanas
  17 worker ants
  2 hound skeletons
  A worker ant zombie (D:4)
  10 adders
  3 gnolls (D:4)
  3 river rats (D:4)
  A shadow imp (D:9)
  2 oozes
  4 adder skeletons
  2 adder zombies (D:4)
  8 worms
  3 dart slugs (D:1)
  2 leopard geckos
  34 orcs
  11 giant cockroaches
  5 hobgoblins
  15 jackals
  4 quokkas
  9 ball pythons
  12 bats
  6 frilled lizards
  6 goblins
  22 kobolds
  2 leopard gecko skeletons
  2 leopard gecko zombies
  A quokka zombie (D:7)
  6 rats
312 creatures vanquished.

Vanquished Creatures (others)
  A killer bee (D:10)
1 creature vanquished.

Grand Total: 313 creatures vanquished

Notes
Turn   | Place    | Note
-------+----------+-------------------------------------------
     0 | D:1      | MisterFreud the Troll Monk began the quest for the Orb.
     0 | D:1      | Reached XP level 1. HP: 22/22 MP: 0/0
   100 | D:1      | Reached XP level 2. HP: 24/29 MP: 1/1
   220 | D:1      | Reached skill level 4 in Unarmed Combat
   361 | D:1      | Reached XP level 3. HP: 36/36 MP: 2/2
  1495 | D:3      | Reached XP level 4. HP: 44/44 MP: 3/3
  1500 | D:3      | Reached skill level 5 in Unarmed Combat
  2129 | D:4      | Reached XP level 5. HP: 50/50 MP: 4/4
  2166 | D:4      | Reached skill level 6 in Unarmed Combat
  2259 | D:4      | Noticed Eustachio
  2289 | D:4      | Killed Eustachio
  2289 | D:4      | Reached skill level 7 in Unarmed Combat
  2289 | D:4      | Reached XP level 6. HP: 28/59 MP: 5/5
  2336 | D:4      | Noticed Sigmund
  2351 | D:4      | Killed Sigmund
  2351 | D:4      | Reached skill level 8 in Unarmed Combat
  2351 | D:4      | Reached XP level 7. HP: 66/66 MP: 6/6
  2522 | D:4      | Found a sparkling altar of Nemelex Xobeh.
  2603 | D:4      | Found a glowing drain.
  2614 | Sewer    | Entered a sewer
  2782 | Sewer    | Reached skill level 9 in Unarmed Combat
  2782 | Sewer    | Reached XP level 8. HP: 69/74 MP: 7/7
  3156 | D:5      | Entered Level 5 of the Dungeon
  3184 | D:5      | Found a staircase to the Ecumenical Temple.
  3240 | Temple   | Entered the Ecumenical Temple
  3288 | Temple   | Became a worshipper of Warmaster Okawaru
  3288 | Temple   | Reached * piety under Okawaru
  3288 | Temple   | Reached ** piety under Okawaru
  3634 | D:5      | Found a blossoming altar of Fedhas.
  3638 | D:5      | Found a shadowy altar of Dithmenos.
  4206 | D:6      | Found a burning altar of Makhleb.
  4218 | D:6      | Reached skill level 5 in Dodging
  4219 | D:6      | Found a bloodstained altar of Trog.
  4310 | D:6      | Reached skill level 10 in Unarmed Combat
  4471 | D:6      | Reached *** piety under Okawaru
  4477 | D:6      | Reached XP level 9. HP: 66/80 MP: 8/8
  4555 | D:6      | Found an opulent altar of Gozag.
  4814 | D:6      | Found a white marble altar of Elyvilon.
  5014 | D:7      | Found a white marble altar of Elyvilon.
  5370 | D:7      | Reached skill level 1 in Throwing
  5400 | D:7      | Reached **** piety under Okawaru
  5859 | D:8      | Reached skill level 1 in Invocations
  5925 | D:8      | Found the +8 whip "Snakebite" {curare, rPois}
  5926 | D:8      | Noticed a cyclops
  5950 | D:8      | Reached XP level 10. HP: 40/88 MP: 8/10
  5959 | D:8      | Reached skill level 5 in Throwing
  5995 | D:8      | Killed a cyclops
  6048 | D:8      | Noticed Jessica
  6062 | D:8      | Found a deep blue altar of Sif Muna.
  6090 | D:8      | Killed Jessica
  6204 | D:8      | Reached ***** piety under Okawaru
  6612 | D:8      | Found a basalt altar of Yredelemnul.
  6863 | D:9      | Reached skill level 5 in Invocations
  6927 | D:9      | Found a runed translucent door.
  6927 | D:9      | Found a runed translucent gate.
  6927 | D:9      | Found a runed translucent gate.
  6935 | D:9      | Found a runed translucent gate.
  6945 | D:9      | Found a runed translucent door.
  6956 | D:9      | Found the +9 staff of Olgreb {rPois}
  6965 | D:9      | Found Qore's General Store.
  6981 | D:9      | Bought a potion of ambrosia for 96 gold pieces
  6981 | D:9      | Bought a scroll of teleportation for 36 gold pieces
  6981 | D:9      | Bought a potion of curing for 36 gold pieces
  7263 | D:9      | Received a gift from Okawaru
  7308 | D:9      | Found a shimmering altar of Xom.
  7550 | D:9      | Reached XP level 11. HP: 87/101 MP: 14/14
  7642 | D:9      | Reached skill level 5 in Fighting
  7644 | D:9      | Received a gift from Okawaru
  7666 | D:10     | Entered Level 10 of the Dungeon
  7836 | D:9      | Found Gunewoim's Weapon Boutique.
  7947 | D:9      | Mangled by an orc warrior

Levels and vault maps discovered:
D:1:      minmay_arrival_three_doors, layout_loops_ring, st_stairs_13,
          serial_bayou_pond_e
D:2:      layout_basic
D:3:      layout_loops_ring, first_ration
D:4:      layout_loops_ring, serial_undead, serial_undead_e, serial_undead_f,
          serial_undead_b, serial_undead_b, serial_undead_c, serial_undead_e,
          portal_sewer_entry_e, minmay_misc_feat_tiny,
          nemelex_dance_club_becter, uniq_sigmund, uniq_eustachio
D:5:      layout_layer_cave, grunt_temple_overflow_open, temple_statues,
          minmay_liquid_box
D:6:      layout_basic, lemuel_crystal_altar, trog_ov_bears_minmay,
          makhleb_heckhound_becter, basic_altar
D:7:      minmay_angry_zag, layout_basic, elyvilon_altar_5, grunt_livestock
D:8:      minmay_the_grid_triangle_9x9_recursive_2
          [minmay_the_grid_triangle_9x9_prize_insulated,
          minmay_the_grid_triangle_9x9_alien,
          minmay_the_grid_triangle_9x9_intruding_spiral,
          minmay_the_grid_triangle_9x9_cache], layout_loops_cross,
          marbit_many_paths, tgw_sif
D:9:      layout_roguey, xom_butterflies, grunt_lair_entry_orc_guard_hut,
          david_orc_4, serial_shops, kennysheep_little_box,
          kennysheep_mini_moat, nicolae_shop_stone, serial_bayou_ford_a,
          minmay_guarded_unrand_staff_of_olgreb
D:10:     layout_big_octagon, serial_glass, glass_columns_a, glass_columns_c,
          glass_columns_b, glass_columns_a, due_unseen_surprise,
          item_on_display_a, feat_on_display, minmay_misc_feat_chi,
          minmay_ruined_shrine
Temple:   cyrus_circular_temple

Skill      XL: |  1  2  3  4  5  6  7  8  9 10 11 |
---------------+----------------------------------+-----
Unarmed Combat | 4 5 7 8 9 10 | 10.0
Dodging        | 3 6 8 |  8.1
Throwing       | 4 6 |  6.0
Invocations    | 1 6 |  6.0
Fighting       | 4 5 |  5.6
Stealth        | |  1.0

Action                   |  1- 3 |  4- 6 |  7- 9 | 10-12 || total
-------------------------+-------+-------+-------+-------++-------
Melee: Unarmed           |   112 |   114 |   350 |   317 ||   893
       Punch             |     1 |     4 |    18 |    17 ||    40
  Use: Scroll            |       |     5 |     5 |       ||    10
       Potion            |       |       |       |     1 ||     1
 Stab: Sleeping          |     3 |       |    10 |     1 ||    14
  Eat: Chunk             |    18 |     9 |    36 |    23 ||    86
Armor: Robe              |    40 |    38 |    70 |    47 ||   195
Dodge: Dodged            |    74 |    90 |   231 |   263 ||   658

Table legend:
 A = Non-vault XP
 B = Vault XP
 C = Vault XP percentage of total XP
 D = Non-vault monster count
 E = Vault monster count
 F = Vault count percentage of total count
                 A         B        C        D         E       F
            +---------+---------+-------+---------+---------+-------
      Total |    5864 |    6359 |  52.0 |     203 |     110 |  35.1
            +---------+---------+-------+---------+---------+-------
        D:1 |      42 |       4 |   8.7 |      26 |       1 |   3.7
        D:2 |      44 |       0 |   0.0 |      18 |       0 |   0.0
        D:3 |     100 |       0 |   0.0 |      21 |       0 |   0.0
        D:4 |     330 |     604 |  64.7 |      20 |      18 |  47.4
        D:5 |     524 |       0 |   0.0 |      24 |       0 |   0.0
        D:6 |     889 |     304 |  25.5 |      16 |       3 |  15.8
        D:7 |    1051 |    1081 |  50.7 |      23 |       8 |  25.8
        D:8 |     626 |    1682 |  72.9 |      10 |      19 |  65.5
        D:9 |    2209 |    2351 |  51.6 |      44 |      37 |  45.7
       D:10 |      49 |       0 |   0.0 |       1 |       0 |   0.0
      Sewer |       0 |     333 | 100.0 |       0 |      24 | 100.0
            +---------+---------+-------+---------+---------+-------
